 Dungeon Crawl Stone Soup version 0.31-a0-656-gb4d89c20fa (webtiles) character file.

Game seed: 13003943540350405093

128 demibob the Insei (level 4, 0/35 HPs)
             Began as a Demonspawn Monk on Aug 30, 2023.
             Was an Initiate of Ru.
             Slain by a scorpion (5 damage)
             ... on level 4 of the Dungeon.
             The game lasted 00:04:08 (2286 turns).

demibob the Insei (Demonspawn Monk)                 Turns: 2286, Time: 00:04:08

Health: 0/35       AC:  3    Str: 13 (14) XL:     4   Next: 86%
Magic:  4/4        EV: 12    Int:  8 (11) God:    Ru [......]
Gold:   159        SH:  0    Dex: 13 (15) Spells: 3/3 levels left

rFire   . .          .
                       - Unarmed
rCold   . . .        (no shield)
rNeg    . . .        a - +0 robe
rPois   .            (no helmet)
rElec   .            (no cloak)
rCorr   .            (no gloves)
SInv    .            (no boots)
Will    .....        (no amulet)
Stlth   +            (no ring)
HPRegen 0.00/turn    (no ring)
MPRegen 0.09/turn

%: no passive effects
@: inhibited regen
A: powered by death 1, inhibited regeneration, sharp scales 1, talons 1
a: Renounce Religion


You were on level 4 of the Dungeon.
You worshipped Ru.
Ru was noncommittal.
You visited 1 branch of the dungeon, and saw 4 of its levels.

You collected 159 gold pieces.


Innate Abilities, Weirdness & Mutations

You regenerate a little health from kills.
You do not regenerate when monsters are visible.
You are partially covered in razor-sharp scales. (AC +1, Slay +1)
You have sharp toenails.


   Skills:
 - Level 3.0 Fighting
 - Level 2.6 Dodging
 + Level 5.1 Unarmed Combat


You had 3 spell levels left.
You didn't know any spells.
Your spell library was empty.

Inventory:

Armour
 a - a +0 robe (worn)
Magical Staves
 d - a staff of air {!a}
Jewellery
 v - a ring of see invisible
 C - a ring of ice
Scrolls
 c - a scroll of identify {@r1}
Potions
 b - a potion of ambrosia
 f - 3 potions of lignification
 h - a potion of mutation
 i - a potion of resistance

Dungeon Overview and Level Annotations

Branches:
Dungeon (4/15)
 Temple: D:4-7

Altars:
Cheibriados
Ru

Shops:
D:4

( #.[.........#
#.########.## #.# #.# #.#
#.# #.# #.# #.# #.##
#.########..########.
##...##.#.............
######....@#.#.#...........
...........s.#.#.#.######.#
###.....∩...).....<.......
##..)......#.##########.
###.....#..).......
##...##.#.######.
######.#.# #.#.# #.#..


You could see a scorpion.


Message History

The scorpion is moderately wounded.
You feel sick. The scorpion completely misses you.
You are too injured to fight recklessly!
You are too injured to fight recklessly!
You are too injured to fight recklessly!
You are too injured to fight recklessly!
You are too injured to fight recklessly!
It was a potion of mutation.
You feel extremely strange.
Your toenails lengthen and sharpen.
You feel sick. The scorpion stings you.
* * * LOW HITPOINT WARNING * * *
It was a potion of magic.
Magic courses through your body.
You feel sick.
The scorpion stings you but does no damage.
It was a potion of degeneration.
There was something very wrong with that liquid.
You feel weakened.
You feel dopey.
You feel clumsy.
You feel sick. The scorpion barely misses you.
Okay, then.
You hit the scorpion but do no damage. Your kick misses the scorpion.
The scorpion is moderately wounded.
You feel sick. The scorpion closely misses you.
You hit the scorpion. Your kick misses the scorpion. You punch the scorpion.
The scorpion is almost dead.
You feel sick. The scorpion completely misses you.
You hit the scorpion but do no damage. Your kick misses the scorpion.
The scorpion is almost dead.
You feel sick.
You are no longer poisoned.
The scorpion stings you.
You die...

Skill      XL: |  1  2  3  4 |
---------------+-------------+-----
Unarmed Combat | 3 4 5 |  5.1
Fighting       | |  3.0
Dodging        | |  2.6

Action                     |  1- 3 |  4- 6 || total
---------------------------+-------+-------++-------
  Melee: Unarmed           |   151 |    88 ||   239
         Punch             |     5 |     4 ||     9
 Invoke: Sacrifice Purity  |       |     1 ||     1
    Use: Potion            |     1 |     4 ||     5
         Scroll            |     1 |     2 ||     3
   Stab: Sleeping          |     1 |     1 ||     2
         Distracted        |     1 |       ||     1
 Armour: Robe              |    42 |    19 ||    61
  Dodge: Dodged            |    85 |    55 ||   140

Levels and vault maps discovered:
D:1:      grunt_arrival_crossed_arrows, layout_basic
D:2:      layout_rooms, basic_altar
D:3:      layout_rooms, mainiacjoe_overflow_chevrons,
          hellmonk_ecumenical_altar_pennies_from_heaven, minmay_between
D:4:      layout_basic, minmay_temple_entry_tees, serial_shops,
          nicolae_shop_bloodbath_and_beyond, minmay_misc_feat_chi,
          nicolae_nh_ransacked_shop

Notes
Turn   | Place    | Note
-------+----------+-------------------------------------------
     0 | D:1      | demibob the Demonspawn Monk began the quest for the Orb.
     0 | D:1      | Reached XP level 1. HP: 18/18 MP: 1/1
    47 | D:1      | Reached skill level 3 in Unarmed Combat
   125 | D:1      | Gained mutation: You are partially covered in razor-sharp
                  | scales. (AC +1, Slay +1) [demonic ancestry]
   125 | D:1      | Reached XP level 2. HP: 21/24 MP: 2/2
   731 | D:1      | Gained mutation: You regenerate a little health from kills.
                  | [demonic ancestry]
   731 | D:1      | Reached XP level 3. HP: 29/29 MP: 3/3
   982 | D:2      | Reached skill level 4 in Unarmed Combat
  1172 | D:2      | Found a snail-covered altar of Cheibriados.
  1309 | D:2      | Reached XP level 4. HP: 14/35 MP: 4/4
  1537 | D:2      | Identified a potion of resistance
  1996 | D:3      | Reached skill level 5 in Unarmed Combat
  2076 | D:3      | Found a faded altar of an unknown god.
  2167 | D:3      | Prayed at the altar of an unknown god.
  2167 | D:3      | Became a worshipper of Ru the Awakened
  2177 | D:3      | Gained mutation: You do not regenerate when monsters are
                  | visible. [Ru sacrifice]
  2194 | D:4      | Found Peuwocvu's Weapon Boutique.
  2272 | D:4      | Noticed a scorpion
  2281 | D:4      | Gained mutation: You have sharp toenails. [potion of
                  | mutation]
  2286 | D:4      | Slain by a scorpion

Vanquished Creatures
  An orc wizard (D:3)
  3 adders
  A worm (D:2)
  A dart slug (D:1)
  5 orcs
  8 ball pythons
  6 bats
  4 endoplasms
  3 giant cockroaches
  9 goblins
  5 hobgoblins (D:1)
  4 jackals (D:3)
  4 quokkas
  A frilled lizard (D:2)
  6 kobolds
  7 rats
68 creatures vanquished.

Table legend: (Time is in decaauts)
 A = Elapsed time spent in this place.
 B = Non-inter-level travel time spent in this place.
 C = Inter-level travel time spent in this place.
 D = Time resting spent in this place.
 E = Time spent auto-exploring this place.
 F = Levels seen in this place.
 G = Mean time per level.
                   A        B        C        D        E       F      G
               +--------+--------+--------+--------+--------+-----+--------+
         Total |   2269 |   2187 |     82 |      8 |   1734 |   4 |  567.2 |
       Dungeon |   2269 |   2187 |     82 |      8 |   1734 |   4 |  567.2 |
               +--------+--------+--------+--------+--------+-----+--------+

Top non-repeatable levels by time:
     D:1: 920 daAuts
     D:2: 629 daAuts
     D:3: 620 daAuts
     D:4: 99 daAuts

Table legend:
 A = Non-vault XP
 B = Vault XP
 C = Vault XP percentage of total XP
 D = Non-vault monster count
 E = Vault monster count
 F = Vault count percentage of total count
                 A         B        C        D         E       F
            +---------+---------+-------+---------+---------+-------
      Total |     183 |       0 |   0.0 |      68 |       0 |   0.0
            +---------+---------+-------+---------+---------+-------
        D:1 |      45 |       0 |   0.0 |      25 |       0 |   0.0
        D:2 |      56 |       0 |   0.0 |      22 |       0 |   0.0
        D:3 |      65 |       0 |   0.0 |      19 |       0 |   0.0
        D:4 |      17 |       0 |   0.0 |       2 |       0 |   0.0
            +---------+---------+-------+---------+---------+-------
